AoeStats
← lopezdpr

Nomad

504422350Analyzed
3v3 RM · 28d ago on Sep 5, 2026· 49m 29s· 6 players
Game mode
Random Map
Map size
210×210
Population
200
Speed
Normal
Resources
Standard
Victory
Conquest
Starting age
Dark Age
Ending age
Imperial Age
RankedLock teamsTeams togetherTeam positionsShared explorationLock speedFull tech treeHidden civsTurbo modeCheats
Victory
Defeat
🇨🇦 Spanish · Canada
911
+12
🇺🇸 Huns · United States
791
+17
🇨🇱 Spanish · Chile
784
+17
🇨🇳 Britons · China
907
-19
🇩🇪 Khitans · Germany
864
-17
🇪🇪 Saracens · Estonia
688
-10
aanndrrees
15:40 Feudal Age
16:44 Town Watch
17:35 Wheelbarrow
16:48 Loom
18:53 Double-Bit Axe
23:09 Castle Age
24:11 Bloodlines
25:07 Town Patrol
25:23 Hand Cart
24:42 Elite Skirmisher
25:27 Thumb Ring
25:13 Pikeman
26:04 Fletching
26:19 Stone Mining
26:20 Gold Mining
27:28 Bow Saw
29:03 Squires
28:49 Gambesons
28:50 Arson
30:20 Stone Shaft Mining
32:35 Imperial Age
32:42 Fishing Lines
32:52 Fishing Lines
37:00 Gillnets
36:36 Capped Ram
38:54 Two-Man Saw
39:01 Bodkin Arrow
39:07 Padded Archer Armor
39:13 Scale Barding Armor
39:12 Husbandry
42:44 Horse Collar
44:12 Hoardings
45:35 Ballistics
45:02 Arrowslits
49:53 Heavy Plow
lopezdpr
14:13 Feudal Age
15:46 Town Watch
18:22 Castle Age
16:29 Loom
18:16 Horse Collar
18:23 Double-Bit Axe
19:44 Bow Saw
21:16 Wheelbarrow
23:22 Stone Mining
28:26 Man-at-Arms
29:33 Scale Barding Armor
29:31 Scale Mail Armor
29:49 Forging
31:50 Hand Cart
32:15 Fletching
32:49 Chain Barding Armor
32:35 Long Swordsman
36:51 Bloodlines
36:02 Light Cavalry
36:10 Elite Skirmisher
36:51 Padded Archer Armor
36:42 Fletching
37:46 Town Patrol
43:26 Imperial Age
42:09 Leather Archer Armor
42:41 Husbandry
43:03 Heavy Plow
46:37 Two-Man Saw
46:02 Chain Mail Armor
46:23 Plate Barding Armor
45:40 Capped Ram
46:05 Two-Handed Swordsman
Mikefg16
3:55 Loom
18:08 Feudal Age
18:59 Gold Mining
21:21 Horse Collar
22:49 Wheelbarrow
22:33 Stone Mining
27:31 Castle Age
27:49 Scale Barding Armor
27:55 Forging
27:46 Scale Mail Armor
28:00 Double-Bit Axe
29:42 Chain Barding Armor
29:24 Padded Archer Armor
30:42 Hand Cart
32:14 Pikeman
32:55 Squires
35:09 Husbandry
39:40 Iron Casting
39:22 Chain Mail Armor
39:22 Leather Archer Armor
38:57 Fletching
43:35 Imperial Age
44:21 Bow Saw
44:14 Heavy Plow
44:29 Medium Warships
43:59 Fishing Lines
43:40 Demolition Ship
44:55 Ring Archer Armor
44:50 Cavalier
45:41 Bloodlines
46:50 Plate Barding Armor
49:07 Elite Conquistador
49:48 Inquisition
50:09 Supremacy
TheDarkPhantom87
16:07 Feudal Age
17:12 Double-Bit Axe
24:50 Castle Age
22:56 Domestication
25:09 Pikeman
26:12 Forging
26:04 Scale Mail Armor
26:48 Loom
27:47 Iron Casting
28:23 Wheelbarrow
32:22 Chain Mail Armor
32:14 Squires
35:58 Bow Saw
37:07 Pastoralism
37:11 Stone Mining
41:52 Imperial Age
40:32 Lamellar Armor
41:14 Fletching
42:55 Bodkin Arrow
43:52 Bracer
46:12 Plate Mail Armor
47:01 Conscription
Hercule Poirot II
3:21 Loom
14:26 Feudal Age
14:52 Town Watch
15:59 Gold Mining
16:12 Double-Bit Axe
17:57 Horse Collar
19:27 Bloodlines
21:39 Fishing Lines
24:46 Castle Age
23:01 Forging
23:32 Stone Mining
25:33 Pikeman
26:21 Scale Barding Armor
26:58 Gold Shaft Mining
26:30 Husbandry
26:54 Heavy Plow
30:07 Gillnets
30:42 Bow Saw
32:05 Wheelbarrow
32:17 Fletching
35:54 Hand Cart
36:49 Town Patrol
37:16 Squires
37:02 Arson
43:25 Murder Holes
46:32 Imperial Age
44:25 Masonry
43:47 Crossbowman
44:17 Elite Skirmisher
46:14 Elite Skirmisher
48:33 Chemistry
yuankkun
9:30 Loom
15:42 Feudal Age
17:55 Wheelbarrow
17:10 Town Watch
18:53 Wheelbarrow
21:23 Castle Age
19:20 Double-Bit Axe
21:02 Stone Mining
20:57 Horse Collar
26:51 Bow Saw
32:24 Yeomen
32:45 Pikeman
34:38 Scale Mail Armor
34:49 Forging
34:40 Padded Archer Armor
34:30 Fletching
37:37 Squires
38:14 Chain Mail Armor
37:57 Bodkin Arrow
38:58 Gold Mining
Connection lost

Rejoining the realm…

Still unreachable

The connection could not be restored.

Session expired

The server has moved on; the page needs a fresh start.